Map: Pylon LE

Players

ManlyManMeat

  • Race: Terran Terran
  • League: Master
  • Spawn Location: 5:00

DawnPatrol - Winner!

  • Race: Protoss Protoss
  • League: Master
  • Spawn Location: 11:00

VOD

Have the link to the VOD?

Description

Time

  • Played on: May 18, 2025, 2:56 a.m.
  • Length: 11:45
Show
View Real Time Build Order
Export as new Build Order

ManlyManMeat Terran 

Build Orders:  

Get SALT Encoding   

  12  0:00  SCV  
  13  0:12  SCV  
  14  0:17  Supply Depot  
  14  0:24  SCV  
  15  0:39  SCV  
  15  0:40  Barracks  
  16  0:45  Refinery  
  16  0:54  SCV  
  17  1:06  SCV  
  19  1:18  SCV  
  19  1:28  Barracks Reactor  
  19  1:30  Orbital Command  
  19  1:46  Command Center  
  19  1:56  SCV  
  20  2:07  Supply Depot  
  20  2:10  Factory  
  20  2:11  SCV  
  21  2:24  Bunker  
  21  2:25  SCV  
  21  2:27  Marine  
  21  2:28  Marine  
  24  2:35  Refinery  
  24  2:37  SCV  
  25  2:44  Marine  
  25  2:46  Marine  
  27  2:52  SCV  
  27  2:57  Orbital Command  
  28  3:06  Marine  
  28  3:08  Factory Tech Lab  
  28  3:11  Starport  
  29  3:20  SCV  
  30  3:30  Siege Tank  
  30  3:32  SCV  
  34  3:38  Supply Depot, Marine x2  
  36  3:42  SCV  
  37  3:49  Starport Reactor  
  37  3:55  SCV  
  38  3:56  Marine x2  
  38  3:57  Engineering Bay  
  40  4:04  Supply Depot, SCV  
  40  4:07  SCV  
  42  4:17  Factory Reactor  
  42  4:27  Barracks x2  
  42  4:29  Barracks  
  42  4:30  Liberator  
  45  4:34  Stimpack  
  45  4:36  Marauder  
  47  4:39  SCV x2  
  49  4:51  SCV, Terran Infantry Weapons Level 1  
  50  4:53  Barracks  
  50  4:56  Marine  
  51  5:00  Factory Tech Lab  
  51  5:03  SCV  
  51  5:06  SCV  
  53  5:10  Refinery  
  53  5:13  Refinery  
  53  5:15  SCV  
  53  5:16  Medivac  
  53  5:18  SCV  
  57  5:24  Barracks Reactor  
  57  5:29  Marine x2  
  59  5:41  SCV, Supply Depot  
  59  5:42  SCV  
  61  5:43  Supply Depot  
  61  5:47  Barracks Tech Lab  
  61  5:53  SCV  
  61  5:54  SCV  
  63  5:58  Siege Tank  
  63  6:00  Marauder  
  63  6:01  Marine x2  
  63  6:03  Marine x2  
  72  6:06  Supply Depot  
  72  6:07  Supply Depot  
  69  6:13  Combat Shield  
  69  6:15  Concussive Shells  
  69  6:18  Marine  
  70  6:19  Marine  
  70  6:21  Medivac  
  70  6:22  Marauder  
  75  6:30  SCV x2  
  75  6:32  Marine x2  
  79  6:40  Supply Depot  
  79  6:42  Supply Depot, SCV x2  
  79  6:43  Marauder  
  79  6:45  Terran Infantry Armor Level 1  
  83  6:47  Armory  
  83  6:52  Marine x4  
  83  6:53  Marine  
  88  6:54  SCV x2, Siege Tank  
  93  7:04  Marauder  
  95  7:08  Medivac  
  95  7:10  Marine  
  98  7:18  Marine  
  98  7:19  Marine x2  
  101  7:26  Marauder, Marine  
  101  7:27  Siege Tank  
  101  7:28  Supply Depot, Marine  
  108  7:32  Supply Depot  
  108  7:50  Marine x2  
  108  7:51  Marine x2  
  111  7:52  Marauder  
  76  8:21  Terran Vehicle Weapons Level 1  
  76  8:22  Marine x4  
  76  8:23  Marine  
  74  8:29  Supply Depot  
  70  8:35  Siege Tank  
  70  8:36  Medivac  
  70  8:37  Medivac  
  70  8:38  Barracks  
  70  8:39  Marauder, Terran Infantry Weapons Level 2  
  70  8:40  Marauder  
  70  8:41  Marine x3  
  84  8:52  Supply Depot  
  84  8:53  Command Center  
  84  9:06  Medivac x2  
  84  9:09  Marauder x2, Marine x3  
  95  9:23  Engineering Bay  
  95  9:27  Marine  
  96  9:38  Liberator x2  
  96  9:40  Marine x3  
  96  9:41  Marauder x2  
  96  9:42  Siege Tank  
  112  10:02  Marauder  
  112  10:05  Missile Turret  
  114  10:08  Missile Turret  
  114  10:10  Marauder  
  114  10:12  Barracks Reactor  
  116  10:14  Orbital Command  
  116  10:18  Missile Turret  
  116  10:24  Marauder  
  116  10:25  Barracks Reactor  
  118  10:38  Siege Tank  
  118  11:14  Marine  
  118  11:15  Marine x2  
  118  11:16  Marauder x2  
  125  11:26  Marine x3  
  125  11:29  Supply Depot  
Show
View Real Time Build Order
Export as new Build Order

DawnPatrol Protoss - Winner!

Build Orders: 1 Gate Expand, Archon Immortal 

Get SALT Encoding   

  12  0:00  Probe  
  13  0:13  Probe  
  14  0:17  Pylon  
  14  0:25  Probe  
  15  0:34  Probe  
  15  0:37  Gateway  
  16  0:42  Probe  
  16  0:46  Assimilator  
  17  0:52  Probe  
  18  1:17  Nexus  
  18  1:26  Cybernetics Core  
  18  1:31  Assimilator  
  18  1:34  Probe  
  19  1:46  Probe  
  20  1:48  Pylon  
  20  1:54  Stalker  
  20  1:58  Probe  
  21  2:03  Warp Gate  
  23  2:10  Probe  
  24  2:20  Stalker  
  24  2:22  Probe  
  25  2:27  Probe  
  27  2:34  Probe  
  27  2:35  Probe  
  29  2:41  Robotics Facility  
  30  2:44  Probe  
  30  2:46  Probe  
  30  2:51  Pylon  
  32  2:56  Probe  
  33  2:59  Probe  
  33  3:03  Twilight Council  
  34  3:08  Probe  
  34  3:11  Probe  
  36  3:18  Shield Battery  
  36  3:20  Probe  
  36  3:22  Observer  
  36  3:23  Probe  
  38  3:32  Probe  
  40  3:35  Probe  
  40  3:36  Charge  
  40  3:37  Pylon  
  40  3:38  Assimilator  
  40  3:40  Probe  
  40  3:41  Assimilator  
  41  3:47  Probe  
  41  3:48  Immortal, Probe  
  48  3:59  Probe x2  
  50  4:05  Sentry  
  52  4:11  Probe x2  
  52  4:12  Gateway  
  54  4:23  Probe  
  55  4:31  Gateway  
  55  4:33  Gateway  
  55  4:36  Gateway  
  55  4:39  Gateway  
  55  4:42  Gateway  
  55  4:51  Immortal  
  59  4:57  Pylon x2  
  59  4:59  Pylon  
  59  5:06  Sentry  
  61  5:12  Pylon  
  61  5:15  Observer  
  61  5:16  Stalker  
  63  5:23  Templar Archives  
  63  5:30  Zealot x3  
  69  5:46  Stalker, Zealot  
  69  5:47  Zealot x2  
  76  5:57  Gateway  
  76  5:58  Pylon  
  76  5:59  Pylon  
  76  6:00  Observer  
  69  6:27  Stalker x2  
  69  6:28  Stalker  
  75  6:36  Pylon  
  75  6:38  High Templar x4, Pylon  
  83  6:41  Pylon  
  83  6:42  Archon x2  
  83  6:50  Shield Battery  
  83  6:57  Pylon  
  83  6:59  Shield Battery  
  83  7:08  Immortal  
  87  7:10  High Templar x2  
  87  7:12  Stalker x2  
  87  7:13  Zealot x3  
  87  7:14  Archon  
  101  7:31  Zealot, Pylon x2  
  101  7:36  Zealot x3  
  97  8:18  Blink  
  89  8:32  Forge  
  89  8:34  Forge  
  89  8:35  Nexus  
  89  8:36  Pylon  
  89  8:38  Pylon  
  89  8:41  Robotics Bay, Probe x2  
  91  8:50  Immortal  
  91  8:53  Probe x2  
  97  8:57  Protoss Ground Weapons Level 1  
  97  8:58  Protoss Ground Armor Level 1  
  97  9:03  Probe  
  97  9:05  Probe  
  99  9:11  Probe  
  100  9:17  Probe  
  100  9:19  Colossus, Pylon  
  100  9:20  Probe  
  102  9:25  Shield Battery  
  102  9:30  Probe, Pylon  
  109  9:32  Probe  
  109  9:34  Extended Thermal Lance  
  110  9:41  Pylon  
  110  9:42  Probe  
  111  9:57  Stalker, Pylon  
  111  9:59  Zealot  
  115  10:11  Photon Cannon x2  
  115  10:12  Colossus  
  121  10:15  Assimilator  
  121  10:18  Assimilator  
  121  10:24  Robotics Facility  
  121  10:26  Zealot  
  121  10:27  Zealot x4  
  131  10:36  Probe  
  131  10:37  Probe  
  132  10:44  Stalker  
  132  10:45  Stalker  
  135  10:57  Stalker x3  
  138  11:06  Warp Prism  
  134  11:28  Zealot x2  
  134  11:29  Zealot x5  
Tags
 
Composition
Archon Immortal
Matchup
PvT
Spawn Locations
Cross Positions
Add a new tag
Caveats
  • Supply blocks, unpowered buildings, or Contaminate may cause inaccurate times.
  • Supply counts are checked every 10 seconds.